Map: Abandoned Camp

Players

BattleHERO

  • Race: Zerg Zerg
  • Spawn Location: 9:00

Metasapien

  • Race: Zerg Zerg
  • League: Platinum
  • Spawn Location: 11:00

Zickened

  • Race: Terran Terran
  • Spawn Location: 7:00

Omah - Winner!

  • Race: Terran Terran
  • Spawn Location: 3:00

Marweezy - Winner!

  • Race: Protoss Protoss
  • Spawn Location: 5:00

GetMoneY - Winner!

  • Race: Terran Terran
  • Spawn Location: 3:00

VOD

Have the link to the VOD?

Description

Time

  • Played on: Sept. 18, 2017, 3:31 a.m.
  • Length: 15:42
Show
View Real Time Build Order
Export as new Build Order

BattleHERO Zerg 

Build Orders: Hatch First, Muta Ling Bane 

Get SALT Encoding   

  12  0:01  Drone  
  13  0:28  Drone  
  14  0:29  Overlord  
  14  0:57  Hatchery  
  14  0:58  Drone x3  
  14  1:01  Extractor  
  15  1:17  Drone  
  16  1:21  Spawning Pool  
  16  1:22  Drone  
  16  1:41  Drone  
  16  1:43  Overlord  
  17  1:52  Drone  
  18  2:03  Drone  
  19  2:08  Metabolic Boost  
  19  2:09  Queen  
  19  2:14  Queen  
  23  2:22  Zergling x4  
  25  2:31  Drone  
  25  2:32  Drone x2  
  28  2:40  Drone  
  29  2:48  Baneling Nest  
  28  2:58  Extractor  
  27  3:00  Drone x4  
  31  3:06  Lair  
  31  3:21  Zergling x8  
  35  3:32  Spore Crawler  
  35  3:34  Drone  
  35  3:35  Overlord  
  35  3:42  Drone  
  36  3:52  Spore Crawler  
  35  4:03  Centrifical Hooks  
  35  4:10  Drone  
  35  4:11  Drone x8  
  35  4:13  Overlord  
  44  4:18  Extractor  
  44  4:20  Extractor  
  42  4:25  Baneling x5  
  42  4:36  Drone  
  42  4:37  Drone x3  
  46  4:45  Drone x6  
  52  4:50  Overlord  
  52  5:05  Spire  
  51  5:13  Spore Crawler  
  50  5:17  Spore Crawler  
  50  5:20  Drone x5  
  54  5:28  Baneling  
  54  5:29  Baneling x5  
  54  5:54  Zergling x12  
  54  5:56  Overlord x2  
  54  5:57  Hatchery  
  59  6:08  Overlord  
  59  6:09  Overlord  
  59  6:17  Zerg Flyer Weapons Level 1  
  59  6:18  Mutalisk x4  
  59  6:24  Baneling x3  
  59  6:25  Baneling x5  
  67  6:30  Drone  
  67  6:31  Drone x2  
  70  6:39  Overseer x2  
  70  6:42  Pneumatized Carapace  
  70  6:51  Infestation Pit  
  70  6:54  Mutalisk  
  63  8:13  Mutalisk x9  
  63  8:15  Zergling x2  
  63  8:16  Zergling x12  
  78  8:50  Queen  
  78  8:51  Extractor x2  
  78  8:52  Drone x9  
  86  8:57  Zerg Flyer Armor Level 1  
  86  9:00  Baneling  
  86  9:01  Baneling x8  
  76  9:31  Mutalisk  
  76  9:32  Mutalisk x4  
  76  9:33  Zergling x16  
  76  9:34  Zergling x2  
  79  10:11  Baneling  
  79  10:12  Baneling x14  
  79  10:26  Mutalisk x3  
  79  10:28  Zergling x16  
  93  11:18  Hive  
  93  11:20  Zerg Flyer Weapons Level 2  
  93  11:23  Drone  
  93  11:24  Drone, Mutalisk  
  97  11:26  Overlord x8  
  97  11:33  Overseer x2  
  62  12:45  Mutalisk  
  62  12:46  Mutalisk x14  
  92  12:57  Hatchery  
  91  13:05  Viper x2  
  91  13:09  Viper  
  70  14:58  Mutalisk x6  
Show
View Real Time Build Order
Export as new Build Order

Metasapien Zerg 

Build Orders: Pool First 

Get SALT Encoding   

  12  0:20  Spawning Pool  
  11  0:22  Drone  
  12  0:31  Drone  
  13  0:36  Drone, Extractor  
  13  0:43  Overlord  
  13  0:48  Drone  
  14  1:10  Drone, Zergling x2  
  16  1:26  Hatchery  
  16  1:29  Drone  
  16  1:41  Drone  
  16  1:42  Drone  
  18  1:49  Metabolic Boost  
  18  1:53  Drone  
  19  2:06  Overlord  
  19  2:11  Drone  
  20  2:32  Drone  
  20  2:33  Hatchery  
  20  2:35  Drone  
  21  2:46  Zergling x2  
  21  2:47  Zergling x2  
  22  2:54  Queen  
  24  3:01  Extractor  
  24  3:04  Queen  
  25  3:07  Drone  
  25  3:11  Drone  
  27  3:15  Drone  
  28  3:21  Overlord  
  28  3:24  Drone  
  29  3:27  Drone  
  30  3:37  Queen  
  30  3:40  Drone  
  33  3:41  Drone  
  34  3:53  Roach Warren  
  34  3:54  Drone  
  34  3:56  Drone  
  34  3:58  Drone  
  36  4:05  Drone x2  
  36  4:07  Drone  
  39  4:10  Drone  
  40  4:21  Drone x4  
  44  4:32  Drone x3  
  44  4:35  Roach  
  49  4:42  Overlord x2  
  49  4:46  Extractor x2  
  49  4:49  Drone x2  
  49  4:52  Spine Crawler  
  48  4:57  Drone x2, Spine Crawler  
  49  5:02  Lair  
  49  5:12  Drone x3  
  52  5:18  Drone x3  
  52  5:19  Drone x2  
  52  5:21  Drone  
  58  5:24  Overlord  
  58  5:26  Evolution Chamber x2  
  56  5:33  Extractor  
  55  5:42  Drone x3  
  58  5:44  Roach x2  
  58  5:45  Extractor, Roach x4  
  58  5:46  Roach  
  58  5:48  Overlord  
  71  5:55  Drone x2  
  73  5:58  Overlord x2  
  73  6:06  Zerg Ground Armor Level 1  
  73  6:17  Hydralisk Den  
  72  6:21  Spore Crawler  
  72  6:22  Drone x5, Spore Crawler  
  75  6:29  Pneumatized Carapace  
  75  6:31  Queen  
  77  6:33  Overlord x2  
  77  6:34  Overlord x2  
  77  6:38  Drone x3  
  77  6:39  Drone  
  81  6:40  Drone x2  
  83  6:48  Hydralisk x3  
  83  6:49  Hydralisk  
  81  7:09  Spine Crawler  
  81  7:10  Spine Crawler  
  81  7:13  Hydralisk, Roach x3  
  81  7:14  Roach x5  
  96  7:28  Glial Reconstitution  
  96  7:30  Muscular Augments  
  96  7:33  Drone x2  
  96  7:34  Drone x2  
  96  7:35  Drone x4  
  104  7:40  Zerg Missile Weapons Level 1  
  104  7:43  Zergling x2  
  104  7:44  Zergling x8  
  108  7:46  Ravager x3  
  112  8:12  Hydralisk x3  
  107  8:13  Roach x4, Hydralisk  
  107  8:14  Overlord x2, Roach  
  88  8:45  Ravager x3  
  88  8:46  Hydralisk x4  
  88  8:47  Hydralisk x2, Roach x7  
  117  9:06  Overlord x3  
  117  9:07  Overlord  
  117  9:08  Hydralisk  
  117  9:09  Roach  
  121  9:14  Ravager  
  121  9:15  Ravager  
  105  9:35  Hatchery  
  87  9:47  Ravager x2  
  87  9:50  Extractor, Hydralisk x4  
  87  9:51  Hydralisk x2, Roach x5  
  110  10:08  Overseer  
  110  10:09  Overseer  
  110  10:15  Drone x2  
  110  10:18  Zerg Missile Weapons Level 2  
  102  10:22  Hydralisk, Roach  
  102  10:23  Hydralisk x3  
  102  10:24  Roach  
  114  10:31  Ravager x2  
  114  10:44  Hydralisk x3  
  114  10:45  Roach x4  
  114  10:49  Drone  
  129  10:50  Drone  
  129  10:51  Drone, Infestation Pit  
  129  10:56  Drone, Queen  
  133  11:09  Drone  
  133  11:10  Drone  
  135  11:13  Extractor  
  134  11:21  Nydus Network  
  134  11:22  Hydralisk  
  134  11:23  Roach x4, Hydralisk x5  
  134  11:24  Roach x3  
  139  11:50  Infestor  
  139  11:51  Drone x2  
  139  11:52  Drone  
  144  11:57  Burrow  
  144  11:58  Roach x2, Hydralisk x4  
  144  11:59  Roach x4  
  132  12:19  Hydralisk  
  132  12:20  Roach x2, Hydralisk x5  
  132  12:21  Roach x3  
  130  12:24  Ravager x2  
  130  12:25  Ravager x3  
  135  12:35  Spine Crawler  
  134  12:37  Spore Crawler, Spine Crawler  
  132  12:45  Spore Crawler  
  132  12:47  Spine Crawler  
  130  13:05  Drone x3  
  133  13:24  Spire  
  130  13:45  Roach, Hydralisk x5  
  130  13:46  Hydralisk x3, Roach x6  
  130  13:47  Roach x2  
  111  14:04  Hydralisk  
  111  14:05  Roach x2, Hydralisk x2  
  84  14:33  Hydralisk x4  
  84  14:34  Hydralisk x5  
  102  14:43  Hatchery  
  103  14:45  Ravager x2  
  103  14:46  Ravager x2  
  103  14:47  Hydralisk  
  103  14:48  Roach x6  
  103  14:52  Queen  
Show
View Real Time Build Order
Export as new Build Order

Zickened Terran 

Build Orders: Mech 

Get SALT Encoding   

  12  0:12  SCV  
  13  0:24  SCV  
  14  0:36  SCV  
  14  0:37  Supply Depot  
  15  0:56  Supply Depot  
  15  0:59  SCV  
  16  1:07  Barracks  
  16  1:11  SCV  
  17  1:20  Barracks  
  17  1:23  SCV  
  18  1:35  Refinery, SCV  
  19  1:41  Refinery  
  19  1:47  SCV  
  20  1:59  SCV  
  21  2:02  Engineering Bay  
  21  2:11  SCV  
  22  2:23  SCV  
  23  2:35  Command Center  
  23  2:37  Missile Turret  
  23  2:48  Orbital Command  
  23  3:04  Factory  
  23  3:17  Factory  
  23  3:34  SCV  
  24  3:46  SCV  
  24  3:47  Missile Turret  
  25  3:58  SCV x2  
  27  4:04  Factory Tech Lab  
  27  4:05  Factory Tech Lab  
  27  4:07  Refinery  
  27  4:10  SCV x2  
  29  4:22  SCV x2  
  31  4:33  Refinery, Siege Tank  
  31  4:34  SCV x2  
  31  4:37  Siege Tank  
  39  4:46  SCV x2  
  41  4:58  SCV x2  
  41  4:59  Supply Depot  
  43  5:07  Supply Depot  
  43  5:10  SCV  
  44  5:21  Supply Depot  
  44  5:30  Planetary Fortress, Supply Depot  
  44  5:34  SCV  
  45  5:46  SCV  
  46  5:56  Siege Tank x2  
  52  5:58  SCV  
  53  6:06  Starport  
  53  6:11  SCV  
  54  6:23  SCV  
  55  6:35  SCV  
  55  6:38  Factory  
  56  6:40  Factory  
  56  6:41  Starport  
  56  7:13  Starport Reactor  
  56  7:23  Viking  
  56  7:27  Factory Tech Lab x2  
  58  7:49  Viking  
  58  7:50  Viking  
  62  7:53  Viking  
  64  8:05  Missile Turret  
  64  8:06  Missile Turret  
  64  8:09  Missile Turret  
  64  8:19  Viking  
  66  8:20  Viking  
  44  10:10  Siege Tank x2  
  44  10:11  Siege Tank x2  
  56  10:20  Viking x2  
  62  10:24  Starport Reactor  
  60  10:30  SCV  
  61  10:39  Barracks Reactor x2  
  61  10:42  Siege Tank, SCV  
  65  10:43  Siege Tank x3  
  74  10:50  Viking  
  74  10:54  SCV  
  77  11:06  SCV  
  78  11:18  Supply Depot  
  78  11:19  Supply Depot  
  78  11:21  Supply Depot x2  
  78  11:39  Siege Tank x2, Viking  
  85  11:40  Siege Tank x2  
  85  11:41  Supply Depot  
  85  11:43  Supply Depot  
  85  11:45  Supply Depot  
  85  11:46  Supply Depot  
  70  12:16  Viking x4  
  77  12:45  Viking  
  77  12:46  Viking x3  
  77  12:49  Starport  
  85  12:52  Starport  
  85  13:15  Viking  
  85  13:16  Viking x3  
  93  13:28  Starport Reactor x2  
  93  13:45  Viking  
  93  13:46  Viking x3  
  80  14:17  Viking x3  
  80  14:18  Viking x4  
  80  14:19  Viking  
  95  14:47  Viking x3  
  95  14:48  Viking x2  
Show
View Real Time Build Order
Export as new Build Order

Omah Terran - Winner!

Build Orders: MMM Bio 

Get SALT Encoding   

  12  0:03  SCV  
  13  0:15  SCV  
  14  0:28  SCV  
  14  0:30  Supply Depot  
  15  0:52  SCV  
  15  0:56  Barracks  
  16  1:07  SCV  
  17  1:23  SCV  
  17  1:24  Command Center  
  18  1:26  Refinery  
  18  1:39  SCV  
  19  1:45  Refinery  
  19  1:53  Supply Depot  
  19  1:54  Orbital Command  
  19  2:17  Barracks  
  19  2:24  Factory  
  19  2:26  Marine  
  20  2:32  SCV  
  21  2:44  SCV  
  21  2:48  Orbital Command  
  22  3:02  SCV  
  22  3:05  Engineering Bay  
  23  3:10  Barracks Reactor  
  23  3:15  SCV  
  23  3:18  Barracks Tech Lab  
  24  3:28  SCV x2  
  26  3:36  Missile Turret  
  26  3:40  SCV  
  26  3:41  Marine  
  27  3:43  Stimpack  
  28  3:59  Starport, Marine x2  
  28  4:00  Marine  
  28  4:02  Factory Reactor, SCV  
  32  4:03  SCV  
  32  4:05  Terran Infantry Weapons Level 1  
  32  4:07  Engineering Bay  
  33  4:10  Refinery  
  33  4:14  SCV  
  33  4:15  SCV  
  35  4:17  Marine x2  
  35  4:18  Marine  
  38  4:25  Supply Depot  
  38  4:30  Supply Depot  
  38  4:32  SCV  
  38  4:36  Terran Infantry Armor Level 1  
  39  4:41  Armory  
  39  4:53  Barracks, Marine  
  39  4:54  Marine x2  
  39  4:58  SCV  
  43  5:02  Factory Tech Lab  
  43  5:03  Refinery  
  43  5:04  Medivac x2  
  47  5:08  SCV  
  47  5:10  SCV  
  49  5:15  Marine x3  
  49  5:20  SCV  
  53  5:22  SCV  
  53  5:27  Siege Tank  
  57  5:33  Marine x3  
  60  5:44  Combat Shields  
  60  5:45  Barracks  
  60  5:47  Barracks Reactor  
  60  5:51  Marauder  
  62  6:02  Supply Depot  
  62  6:06  Supply Depot  
  62  6:23  Marine x2  
  62  6:24  Medivac x2, SCV, Marine  
  70  6:28  Siege Tank, Marine  
  70  6:31  Supply Depot  
  74  6:33  Supply Depot  
  74  6:36  SCV  
  75  6:40  Barracks Tech Lab  
  75  6:41  Marauder  
  75  6:42  Marine  
  78  6:52  Marine x3  
  78  6:53  Medivac  
  68  7:37  Marine x3  
  68  7:38  Marine x3  
  68  7:42  Medivac x2  
  73  7:44  Siege Tank  
  76  7:54  SCV  
  76  7:55  Marine x4  
  76  7:56  Marine x2  
  83  8:03  SCV  
  83  8:04  Terran Infantry Weapons Level 2  
  83  8:05  Terran Infantry Armor Level 2  
  84  8:06  SCV  
  84  8:12  Supply Depot  
  85  8:13  Marine  
  85  8:14  Supply Depot  
  85  8:15  SCV  
  85  8:16  Supply Depot  
  85  8:17  Supply Depot  
  77  8:41  Marauder x2, Marine x3  
  77  8:42  Marine  
  80  8:57  Viking x2  
  80  8:59  Marine x2  
  80  9:02  Marauder x2  
  90  9:08  Siege Tank  
  93  9:24  Marauder x2  
  97  9:27  Viking x2, Marine  
  97  9:28  Marine x3  
  105  9:40  Siege Tank  
  105  9:45  Marauder x2  
  99  10:06  Marauder  
  99  10:07  Marauder  
  98  10:22  Marine x4  
  98  10:28  Marauder x2  
  106  10:39  Siege Tank, Marine  
  106  10:40  Marine x2  
  111  10:49  Marauder x2  
  115  10:51  Viking  
  115  10:52  Viking  
  115  10:53  SCV  
  120  10:58  Terran Infantry Weapons Level 3  
  120  11:06  SCV  
  120  11:09  Supply Depot x2  
  120  11:10  Supply Depot  
  120  11:11  Marauder  
  123  11:16  Supply Depot  
  123  11:24  Marauder  
  123  11:25  Marine  
  126  11:30  Marine x2  
  126  11:31  Marine  
  126  11:32  Marauder  
  131  11:42  Marine  
  131  11:45  Marauder  
  111  12:07  Marauder x2, Marine x2  
  111  12:08  Marine x2  
  83  12:25  Marine  
  83  12:28  Marauder  
  83  12:29  Marauder  
  88  12:48  Orbital Command  
  88  12:50  Marauder x2  
  92  13:05  Orbital Command  
  92  13:11  Marauder  
  94  13:31  Siege Tank  
  97  13:35  Marauder x2, Marine x4  
  97  13:38  Medivac x2  
  109  13:56  Marauder x2  
  105  14:51  Marine x6  
Show
View Real Time Build Order
Export as new Build Order

Marweezy Protoss - Winner!

Build Orders:  

Get SALT Encoding   

  12  0:06  Probe (Chrono Boost)  
  13  0:46  Assimilator  
  13  0:51  Assimilator  
  13  0:58  Pylon  
  13  1:02  Pylon  
  13  1:07  Pylon  
  13  1:16  Pylon  
  13  1:27  Probe (Chrono Boost)  
  14  1:37  Probe (Chrono Boost)  
  15  1:42  Pylon  
  15  1:47  Pylon  
  15  1:48  Probe (Chrono Boost)  
  16  1:58  Probe (Chrono Boost)  
  17  2:09  Probe (Chrono Boost)  
  18  2:19  Probe (Chrono Boost)  
  19  2:30  Probe (Chrono Boost)  
  20  2:47  Forge  
  20  2:55  Gateway  
  20  3:26  Nexus  
  20  3:31  Protoss Shields Level 1 (Chrono Boost)  
  20  3:36  Probe  
  21  3:48  Probe  
  22  3:58  Cybernetics Core  
  22  4:00  Probe  
  23  4:05  Cybernetics Core  
  23  4:10  Pylon  
  23  4:18  Pylon  
  23  4:37  Probe  
  23  4:38  Assimilator  
  23  4:42  Assimilator  
  24  4:48  Probe, Stargate  
  24  4:51  Stargate  
  25  4:58  Probe  
  26  5:15  Photon Cannon  
  26  5:21  Probe  
  27  5:32  Probe  
  27  5:33  Protoss Air Armor Level 1  
  27  5:34  Protoss Air Weapons Level 1  
  28  5:42  Probe  
  29  5:52  Void Ray  
  29  5:53  Probe  
  34  6:03  Probe  
  34  6:05  Stargate  
  34  6:08  Stargate  
  35  6:14  Probe  
  36  6:25  Probe  
  36  6:31  Pylon  
  37  6:35  Probe, Pylon  
  37  6:39  Void Ray  
  42  6:46  Probe  
  42  6:49  Oracle  
  46  6:55  Void Ray  
  46  6:56  Probe  
  51  7:15  Stargate  
  51  7:29  Void Ray  
  55  7:40  Fleet Beacon  
  55  7:59  Twilight Council  
  55  8:07  Probe  
  56  8:14  Void Ray  
  56  8:18  Probe  
  61  8:28  Probe  
  62  8:38  Mothership Core  
  62  8:39  Probe  
  65  8:49  Carrier (Chrono Boost), Probe  
  72  8:56  Graviton Catapult  
  53  9:28  Carrier (Chrono Boost)  
  59  9:56  Protoss Air Weapons Level 2  
  65  10:05  Carrier (Chrono Boost)  
  65  10:34  Nexus  
  65  10:49  Carrier (Chrono Boost)  
  89  10:50  Carrier (Chrono Boost)  
  89  11:01  Carrier x2 (Chrono Boost)  
  89  11:03  Protoss Air Armor Level 2 (Chrono Boost)  
  89  11:08  Assimilator  
  89  11:14  Assimilator  
  95  11:31  Carrier (Chrono Boost)  
  101  11:34  Probe  
  102  11:46  Probe  
  104  11:58  Probe  
  100  12:11  Probe  
  101  12:21  Protoss Air Weapons Level 3 (Chrono Boost)  
  101  12:23  Probe  
  101  12:25  Probe  
  103  12:36  Probe  
  103  12:44  Protoss Shields Level 2 (Chrono Boost)  
  104  12:48  Probe  
  104  12:50  Carrier  
  111  13:00  Probe  
  112  13:12  Probe  
  113  13:24  Probe  
  114  13:36  Probe  
  114  13:39  Carrier  
  121  13:48  Probe  
  122  14:04  Pylon  
  122  14:05  Pylon  
  122  14:06  Pylon  
  122  14:08  Pylon  
  122  14:09  Pylon  
  122  14:11  Carrier  
  134  14:36  Anion Pulse-Crystals  
Show
View Real Time Build Order
Export as new Build Order

GetMoneY Terran - Winner!

Build Orders: Mech 

Get SALT Encoding   

  12  0:01  SCV  
  13  0:13  SCV  
  14  0:26  SCV  
  15  0:39  Supply Depot  
  15  0:51  Refinery  
  15  1:00  SCV  
  16  1:12  Barracks  
  16  1:13  SCV  
  17  1:40  SCV  
  17  1:45  Refinery  
  18  2:06  Factory  
  18  2:08  Marine  
  19  2:11  Orbital Command  
  19  2:22  Command Center  
  19  2:23  Supply Depot  
  20  2:32  Barracks Reactor  
  19  3:20  Barracks Tech Lab  
  19  3:22  Factory  
  19  3:25  Hellion x2  
  19  3:26  SCV  
  24  3:37  Supply Depot  
  24  3:38  Orbital Command  
  25  3:41  SCV  
  25  3:48  Stimpack, Marine  
  26  3:50  Hellion  
  28  3:59  SCV  
  29  4:15  Engineering Bay  
  29  4:17  SCV x2  
  29  4:23  Factory Tech Lab  
  31  4:29  SCV x2  
  33  4:34  Hellion  
  33  4:36  Hellion  
  37  4:45  Missile Turret  
  37  4:48  Supply Depot  
  37  4:52  Factory  
  37  4:54  Armory  
  37  4:56  Terran Infantry Weapons Level 1  
  37  4:57  SCV x2  
  39  5:09  Siege Tank, SCV x2  
  44  5:17  Refinery  
  44  5:21  Refinery, SCV x2  
  46  5:45  Terran Vehicle Weapons Level 1  
  46  5:48  Factory Reactor  
  46  5:57  Infernal Pre-Igniter  
  46  6:02  Thor  
  52  6:04  Hellion  
  52  6:05  Hellion  
  52  6:09  SCV x2  
  58  6:21  SCV x2  
  60  6:26  Supply Depot  
  60  6:28  Supply Depot x2  
  60  6:30  Hellion  
  62  6:47  SCV x2  
  62  6:48  Hellion, Marauder  
  62  6:49  Supply Depot  
  62  6:52  Supply Depot  
  68  6:55  Terran Infantry Weapons Level 2  
  68  6:58  Barracks  
  68  6:59  Barracks  
  68  7:26  Starport  
  68  7:27  Thor  
  68  7:29  Hellbat x2  
  80  7:30  Hellbat  
  80  7:31  Hellbat  
  80  7:32  Marine  
  83  7:58  Barracks Reactor x2  
  83  8:03  Starport Reactor  
  68  8:14  Marine  
  68  8:15  Thor, Widow Mine x2  
  68  8:16  Widow Mine  
  55  8:31  Marine  
  56  8:35  Reaper  
  56  8:39  Marine x2  
  56  8:40  Marine  
  53  8:42  Medivac  
  53  8:45  Hellbat  
  57  8:49  SCV, Marine  
  55  8:57  Marine  
  56  9:05  Marine x2  
  56  9:07  Marine  
  56  9:08  Marauder  
  61  9:15  Marine  
  59  9:27  Marine x2  
  59  9:29  Marauder  
  59  9:35  Hellbat  
  59  9:36  Hellbat  
  59  9:37  Marine x2  
  59  9:38  Viking x2  
  67  9:45  Marine  
  63  9:54  Missile Turret  
  63  9:57  Hellbat x2  
  67  10:19  Factory  
  67  10:21  Factory  
  67  10:22  Marine x3  
  67  10:23  Marine x2  
  68  10:40  Marine x4  
  68  10:41  Marauder  
  74  10:45  Medivac x2  
  78  10:58  Marine x2  
  80  11:05  Command Center  
  80  11:14  Combat Shields  
  80  11:16  Marine x3  
  80  11:17  Marine  
  84  11:19  Factory Tech Lab  
  84  11:20  Factory Tech Lab  
  84  11:24  Terran Vehicle Weapons Level 2  
  84  11:29  Armory  
  84  11:36  Supply Depot  
  84  11:41  Supply Depot  
  84  11:58  Supply Depot  
  84  12:03  Supply Depot  
  84  12:08  Marine x5  
  74  12:10  Thor x2  
  74  12:12  Hellbat  
  74  12:13  Medivac x2, Hellbat  
  97  12:22  Supply Depot  
  96  12:26  Marine  
  96  12:27  Marauder  
  97  12:34  Missile Turret, Hellbat x2  
  101  12:37  Orbital Command  
  101  12:54  SCV x2  
  101  12:55  Missile Turret  
  103  13:06  SCV x2  
  103  13:12  Thor x2  
  111  13:14  Missile Turret, Marine  
  111  13:18  SCV  
  100  13:48  Marine x4  
  103  13:49  Marauder  
  103  13:54  Thor  
  103  13:55  Thor  
  94  14:15  Marine x5  
  97  14:33  Marine x3  
  100  14:51  Marine x4  
  100  14:52  Marine  
  105  14:54  Thor x2, Widow Mine  
  105  14:56  Viking  
  105  14:59  SCV x3  
Tags
 
Add a new tag
Caveats
  • Supply blocks, unpowered buildings, or Contaminate may cause inaccurate times.
  • Supply counts are checked every 10 seconds.